AoeStats
← TERRES300

Arena

510432154Analyzed
4v4 RM · 14h ago on Oct 1, 2026· 41m 13s· 8 players
Game mode
Random Map
Map size
Large (8 player)
Population
200
Speed
Normal
Resources
Standard
Victory
Conquest
Starting age
Dark Age
Ending age
Imperial Age
RankedLock teamsTeams togetherTeam positionsShared explorationLock speedFull tech treeHidden civsTurbo modeCheats
Victory
Defeat
🇬🇧 Britons · United Kingdom
1358
+13
🇨🇴 Saracens · Colombia
1329
+15
🇨🇳 Cumans · China
1325
+15
🇨🇳 Varangians · China
1315
+15
🇲🇽 Georgians · Mexico
1421
-19
🇪🇨 Gurjaras · Ecuador
1327
-15
🇨🇴 Huns · Colombia
1307
-15
🇲🇽 Spanish · Mexico
1141
-9
TwT
9:42 Feudal Age
13:39 Castle Age
27:08 Horse Collar
27:16 Double-Bit Axe
29:34 Wheelbarrow
33:51 Imperial Age
31:55 Bloodlines
31:46 Husbandry
32:53 Husbandry
33:02 Scale Barding Armor
34:06 Forging
34:58 Conscription
35:49 Hand Cart
35:28 Stone Mining
36:00 Elite Jarl
37:39 Elite Varangian Guard
39:23 Fortified Wall
39:19 Siege Engineers
38:40 Gothikon
39:25 Squires
39:10 Arson
39:28 Scale Mail Armor
40:04 Iron Casting
40:11 Bow Saw
40:10 Heavy Plow
40:35 Gold Mining
40:41 Loom
41:15 Chain Mail Armor
DanielP1lot
10:37 Feudal Age
14:16 Castle Age
12:42 Horse Collar
13:23 Double-Bit Axe
16:30 Loom
23:04 Wheelbarrow
22:17 Town Watch
22:51 Bow Saw
22:42 Heavy Plow
23:00 Gold Mining
23:01 Stone Mining
24:27 Hand Cart
26:29 Forging
27:50 Iron Casting
27:21 Scale Barding Armor
30:00 Imperial Age
27:51 Masonry
29:08 Bloodlines
28:59 Husbandry
29:28 Ballistics
31:13 Gold Shaft Mining
31:57 Blast Furnace
31:40 Conscription
31:43 Chain Barding Armor
31:51 Elite Mameluke
36:22 Plate Barding Armor
35:55 Thumb Ring
36:15 Parthian Tactics
36:48 Town Patrol
Mercer
10:52 Feudal Age
9:37 Loom
11:23 Feudal Age
16:54 Castle Age
15:07 Fletching
27:11 Double-Bit Axe
28:06 Wheelbarrow
27:21 Horse Collar
29:50 Bow Saw
32:43 Hand Cart
32:33 Heavy Plow
39:36 Imperial Age
37:14 Gold Mining
37:55 Bodkin Arrow
38:57 Padded Archer Armor
39:23 Ballistics
39:54 Elite Longbowman
40:35 Bracer
41:37 Chemistry
40:43 Siege Engineers
41:50 Gold Shaft Mining
41:06 Stone Mining
42:23 Two-Man Saw
XY
8:30 Feudal Age
9:18 Double-Bit Axe
9:16 Horse Collar
20:08 Castle Age
18:57 Scale Barding Armor
19:02 Forging
19:19 Forging
19:26 Gold Mining
21:24 Chain Barding Armor
20:27 Capped Ram
22:11 Bloodlines
25:22 Wheelbarrow
24:47 Loom
25:54 Bow Saw
25:46 Heavy Plow
26:24 Gold Shaft Mining
28:01 Stone Mining
28:44 Hand Cart
29:41 Iron Casting
33:55 Imperial Age
34:12 Iron Casting
34:33 Elite Steppe Lancer
36:46 Plate Barding Armor
36:21 Steppe Husbandry
38:44 Conscription
39:48 Blast Furnace
41:50 Two-Man Saw
BP | ham.io
8:07 Feudal Age
7:22 Loom
9:20 Fletching
22:31 Castle Age
20:58 Double-Bit Axe
20:55 Horse Collar
21:56 Gold Mining
21:57 Stone Mining
23:37 Bodkin Arrow
25:07 Bow Saw
24:53 Gold Mining
31:30 Imperial Age
29:26 Masonry
31:03 Fortified Wall
32:53 Architecture
33:57 Guard Tower
TERRES300
11:21 Feudal Age
12:41 Loom
13:00 Double-Bit Axe
15:50 Castle Age
14:43 Stone Mining
14:52 Fletching
15:09 Loom
15:10 Horse Collar
15:38 Scale Barding Armor
28:49 Bow Saw
29:39 Heavy Plow
30:08 Husbandry
32:30 Scale Mail Armor
33:02 Squires
33:23 Pikeman
35:32 Chain Mail Armor
37:15 Wheelbarrow
37:10 Forging
38:58 Iron Casting
40:57 Gold Mining
TREX KID BOO
10:18 Feudal Age
14:21 Castle Age
13:32 Double-Bit Axe
13:28 Horse Collar
14:29 Loom
14:40 Town Watch
16:29 Bow Saw
16:26 Gold Mining
23:51 Heavy Plow
26:20 Wheelbarrow
25:57 Town Patrol
26:41 Fortified Wall
28:21 Hand Cart
28:01 Stone Mining
28:47 Gold Shaft Mining
28:15 Fletching
28:25 Padded Archer Armor
32:13 Imperial Age
30:54 Forging
31:09 Kshatriyas
31:33 Scale Barding Armor
31:42 Husbandry
31:53 Bloodlines
33:02 Chain Barding Armor
33:20 Iron Casting
32:21 Heavy Camel Rider
33:36 Conscription
35:52 Plate Barding Armor
Chancellor Lizard
11:04 Feudal Age
12:48 Loom
15:03 Castle Age
13:35 Horse Collar
14:47 Double-Bit Axe
16:12 Loom
22:36 Scale Barding Armor
24:46 Loom
34:18 Forging
Connection lost

Rejoining the realm…

Still unreachable

The connection could not be restored.

Session expired

The server has moved on; the page needs a fresh start.